 Dungeon Crawl Stone Soup version 0.20.0-10-g0535bb4 (webtiles) character file.

207 miragecloak the Changer (level 5, -3/33 HPs)
             Began as an Octopode Transmuter on June 5, 2017.
             Was an Initiate of Ashenzari.
             Slain by miragecloak's ghost (9 damage)
             ... on level 3 of the Dungeon.
             The game lasted 00:04:34 (3418 turns).

miragecloak the Changer (Octopode Transmuter)       Turns: 3418, Time: 00:04:35

Health: -3/33      AC:  1    Str:  9    XL:     5   Next: 85%
Magic:  7/8        EV: 13    Int: 16    God:    Ashenzari [......]
Gold:   86         SH:  0    Dex: 13    Spells: 4/8 levels left

rFire    . . .     SeeInvis .     - Unarmed
rCold    . . .     Gourm    .   (no shield)
rNeg     . . .     Faith    .   (helmet restricted)
rPois    .         Spirit   .   (no amulet)
rElec    .         Reflect  .   (no ring)
rCorr    .         Harm     .   (no ring)
MR       .....                  (no ring)
Stlth    ++........             (no ring)
Regen    0.2/turn               (no ring)
MPRegen  0.2/turn               (no ring)
                                (no ring)
                                (no ring)

@: no status effects
A: almost no armour, stealthy swim, amphibious, 8 rings, constrict 8, camouflage
1, gelatinous body 1
a: Curse Item, Renounce Religion


You were on level 3 of the Dungeon.
You worshipped Ashenzari.
Ashenzari was noncommittal.
You were not hungry.

You visited 1 branch of the dungeon, and saw 3 of its levels.

You collected 86 gold pieces.

Inventory:

Missiles
 a - 36 arrows
Scrolls
 c - a scroll of immolation {unknown}
 d - 2 scrolls of teleportation {unknown}
 e - a scroll of blinking {unknown}
 f - a scroll of enchant weapon {unknown}
 g - a scroll of fog {unknown}
 h - a scroll of identify {unknown}
 j - 3 scrolls of remove curse
 m - a scroll of enchant armour {unknown}
 o - a scroll of amnesia {unknown}
Potions
 k - a potion of brilliance {unknown}
 n - a potion of flight {unknown}
Books
 b - a book of Changes

   Spells                             Type                      Level
   a - Beastly Appendage              Transmutation                1
   b - Sticks to Snakes               Transmutation                2
   c - Spider Form                    Transmutation/Poison         3
   d - Ice Form                       Ice/Transmutation            4
   e - Blade Hands                    Transmutation                5
Comestibles
 i - 2 fruits
 l - a chunk of flesh
 p - a bread ration


   Skills:
 - Level 1.0 Fighting
 - Level 2.0 Dodging
 + Level 4.1 Unarmed Combat
 - Level 2.0 Spellcasting
 - Level 4.1 Transmutations
 - Level 3.1 Poison Magic


You had 4 spell levels left.
You knew the following spells:

 Your Spells              Type           Power        Failure   Level  Hunger
a - Beastly Appendage     Tmut           ##....       3%          1    #......
b - Spider Form           Tmut/Pois      ##........   14%         3    ###....


Dungeon Overview and Level Annotations

Branches:
Dungeon (3/15)

Altars:
Ashenzari
Xom

Annotations:
D:3 miragecloak's ghost, amateur OpTm


Innate Abilities, Weirdness & Mutations

You cannot wear most types of armour.
You are very stealthy in the water. (Stealth+)
You are amphibious.
You can wear up to eight rings at the same time.
You can use your tentacles to constrict eight enemies at once.
Your skin changes colour to match your surroundings (Stealth+).
Your rubbery body absorbs attacks. (AC +1, EV +1)


Message History

You hit miragecloak's ghost.
Miragecloak's ghost is heavily damaged.
Miragecloak's ghost misses you.
You hit miragecloak's ghost but do no damage.
Miragecloak's ghost is heavily damaged.
Miragecloak's ghost hits you!
You bite miragecloak's ghost!
Miragecloak's ghost is severely damaged.
Miragecloak's ghost hits you.
You barely miss miragecloak's ghost.
Miragecloak's ghost is severely damaged.
Miragecloak's ghost hits you.
You barely miss miragecloak's ghost.
Miragecloak's ghost is severely damaged.
Miragecloak's ghost hits you!
* * * LOW HITPOINT WARNING * * *
Your transformation has ended.
Miragecloak's ghost promises, "I will read your future in your entrails."
Miragecloak's ghost hits you!
You die...

## .. #. ##### #.
########...#
###.##........#.#########
.......######............
###.########...W........#
# #.#...........@.#####.#
###.#.######.####.#
....#.# #.# #.# #
###.######.# #.#
###..........# #.#
....##.####### #.# ...
######.# #.# .=..# # #.#
#.# #.#.# # ###.######
#.# #.#.#


You could see miragecloak's ghost.

Vanquished Creatures
  Natasha (D:3)
  An orc wizard (D:3)
  6 adders
  2 oozes (D:1)
  3 dart slugs
  2 leopard geckos (D:1)
  5 orcs (D:3)
  8 bats
  7 giant cockroaches
  12 goblins
  10 hobgoblins
  6 jackals
  7 frilled lizards
  7 kobolds
  4 rats
81 creatures vanquished.

Notes
Turn   | Place    | Note
-------+----------+-------------------------------------------
     0 | D:1      | miragecloak the Octopode Transmuter began the quest for the Orb.
     0 | D:1      | Reached XP level 1. HP: 13/13 MP: 3/3
   100 | D:1      | Reached XP level 2. HP: 17/18 MP: 3/5
   456 | D:1      | Reached XP level 3. HP: 22/23 MP: 3/6
   482 | D:1      | Learned a level 3 spell: Spider Form
   944 | D:1      | Reached skill level 1 in Poison Magic
  1301 | D:2      | Reached XP level 4. HP: 28/28 MP: 2/7
  2032 | D:2      | Found a shattered altar of Ashenzari.
  2143 | D:2      | Became a worshipper of Ashenzari the Shackled
  2772 | D:3      | Reached XP level 5. HP: 26/33 MP: 0/8
  2911 | D:3      | Noticed miragecloak's ghost (amateur OpTm)
  3226 | D:3      | Noticed Natasha
  3234 | D:3      | Killed Natasha
  3292 | D:3      | Found a faded altar of an unknown god.
  3318 | D:3      | Found a shimmering altar of Xom.
  3418 | D:3      | Slain by miragecloak's ghost

Skill      XL: |  1  2  3  4  5 |
---------------+----------------+-----
Transmutations | 3 4 |  4.1
Poison Magic   | 1 3 |  3.1
Unarmed Combat | 4 |  4.1
Fighting       | |  1.0
Dodging        | |  2.0
Spellcasting   | |  2.0

Action                   |  1- 3 |  4- 6 || total
-------------------------+-------+-------++-------
Melee: Unarmed           |    86 |   150 ||   236
       Kick              |    11 |       ||    11
       Constrict         |    19 |    12 ||    31
       Tentacles         |    11 |     4 ||    15
       Punch             |     2 |     1 ||     3
 Cast: Beastly Appendage |    10 |     1 ||    11
       Spider Form       |     8 |    26 ||    34
 Stab: Sleeping          |     5 |     2 ||     7
  Eat: Chunk             |     2 |     7 ||     9
       Bread ration      |       |     1 ||     1
Armor: Skin              |     9 |    11 ||    20
Dodge: Dodged            |    55 |   117 ||   172
